 Dungeon Crawl Stone Soup version 0.32-a0-422-g28b100f618 (webtiles) character file.

Game seed: 14058169341678490485

4539 Boomstacker the Covert (level 10, -2/88 HPs)
             Began as a Naga Alchemist on Feb 21, 2024.
             Was an Initiate of Vehumet.
             Slain by an ice devil (16 damage)
             ... on level 9 of the Dungeon.
             The game lasted 00:13:42 (9816 turns).

Boomstacker the Covert (Naga Alchemist)             Turns: 9816, Time: 00:13:43

Health: -2/88      AC:  9    Str:  9 (10) XL:     10   Next: 40%
Magic:  19/19      EV: 11    Int: 16 (18) God:    Vehumet [......]
Gold:   489        SH:  0    Dex: 12      Spells: 11/21 levels left

rFire   . . .        t - +0 flail (protect)
rCold   . . .        (no shield)
rNeg    . . .        C - +0 steam dragon scales
rPois   +            (no helmet)
rElec   .            h - +0 cloak
rCorr   .            n - +0 pair of gloves
SInv    +            (no barding)
Will    +....        w - amulet of magic regeneration
Stlth   ++++         (no ring)
HPRegen 0.34/turn    (no ring)
MPRegen 0.56/turn

%: no passive effects
@: very slow
A: AC +3, large, see invisible, deformed body, poison resistance, slowness 2,
spit poison 1, naga tail 1, deterioration 1, dopey 1
a: Spit Poison, Renounce Religion


You were on level 9 of the Dungeon.
You worshipped Vehumet.
Vehumet was noncommittal.
You visited 2 branches of the dungeon, and saw 10 of its levels.

You collected 489 gold pieces.

Inventory:

Hand Weapons
 r - a +0 dagger of flaming
 t - a +0 flail of protection (weapon)
Missiles
 H - a curare-tipped dart
Armour
 h - a +0 cloak (worn)
 n - a +0 pair of gloves (worn)
 C - +0 steam dragon scales (worn)
Jewellery
 w - an amulet of magic regeneration (around neck)
 x - an amulet of reflection
 E - a ring of fire
 J - a ring of protection from cold
Wands
 c - a wand of light (1)
 i - a wand of iceblast (1)
 G - a wand of charming (3)
Scrolls
 a - 2 scrolls of acquirement {unknown}
 e - 2 scrolls of enchant armour {unknown}
 g - 2 scrolls of teleportation {unknown}
 j - 5 scrolls of amnesia {unknown}
 l - 11 scrolls of identify {unknown}
 m - 2 scrolls of fog {unknown}
 o - 2 scrolls of blinking {unknown}
 p - 4 scrolls of noise {unknown}
 s - 2 scrolls of butterflies {unknown}
 y - a scroll of torment {unknown}
 z - a scroll of poison {unknown}
 A - a scroll of revelation {unknown}
 D - a scroll of vulnerability {unknown}
Potions
 b - a potion of magic
 d - 2 potions of enlightenment {unknown}
 f - 3 potions of degeneration {unknown}
 k - a potion of resistance {unknown}
 q - a potion of mutation {unknown}
 u - 2 potions of berserk rage {unknown}
 v - a potion of haste {unknown}
 B - a potion of cancellation {unknown}
 F - a potion of heal wounds {unknown}
 I - a potion of brilliance {unknown}


   Skills:
 + Level 5.2 Fighting
 - Level 4.0 Armour
 - Level 4.0 Dodging
 + Level 9.3 Stealth
 + Level 6.4 Spellcasting
 * Level 3.9 Conjurations
 * Level 3.6 Ice Magic
 * Level 3.6 Air Magic
 - Level 7.0 Alchemy


You had 11 spell levels left.
You knew the following spells:

 Your Spells              Type           Power      Damage    Failure   Level
a - Sting                 Conj/Alch      88%        1d8       1%          1
f - Freezing Cloud        Conj/Ice/Air   8%         6-21      61%         5
o - Olgreb's Toxic Radia  Alch           27%        N/A       8%          4

Your spell library contained the following spells:

 Spells                   Type           Power      Damage    Failure   Level
 Magic Dart               Conj           68%        1d6       2%          1
 Mercury Vapours          Alch/Air       44%        N/A       2%          2
 Cigotuvi's Dreadful Rot  Necr/Alch/Air  32%        N/A       4%          2
 Searing Ray              Conj           34%        2d5       4%          2
 Mephitic Cloud           Conj/Alch/Air  20%        N/A       5%          3
 Fulminant Prism          Conj/Alch      11%        3d9       14%         4
 Dazzling Flash           Conj/Hex       22%        N/A       17%         3
 Ignite Poison            Fire/Alch      16%        N/A       30%         4
 Sticky Flame             Fire/Alch      16%        2d5       30%         4
 Anguish                  Hex/Necr       2%         N/A       78%         4
 Cause Fear               Hex            2%         N/A       78%         4
 Silence                  Hex/Air        5%         N/A       87%         5
 Curse of Agony           Necr           5%         N/A       98%         5
 Enfeeble                 Hex            2%         N/A       100%        7


Dungeon Overview and Level Annotations

Branches:
Dungeon (9/15)             Temple (1/1) D:5
   Lair: D:8-11         Orc: D:9-12

Altars:
Ashenzari
Cheibriados
Dithmenos
Elyvilon
Fedhas
Gozag
Hepliaklqana
Kikubaaqudgha
Makhleb
Nemelex Xobeh
Okawaru
Qazlal
Ru
Trog
Uskayaw
Vehumet
Wu Jian
Xom
Yredelemnul
Zin
The Shining One

Shops:
D:7 *

Annotations:
D:8 3 runed translucent doors


Innate Abilities, Weirdness & Mutations

Your serpentine skin is tough. (AC +3)
You have supernaturally acute eyesight. (SInv)
Armour fits poorly on your strangely shaped body.
Your system is resistant to poisons. (rPois)
You cover ground very slowly.
You can spit poison.
You have a snake-like lower body.
Your body sometimes deteriorates upon taking damage.
You are dopey. (Int -2)


Message History

You hit the ice devil but do no damage.
The ice devil is moderately wounded.
The ice devil hits you. The ice devil freezes you!
The ice devil hits you but does no damage.
Aiming: Bolt of Light
Press: ? - help, Q - select action, (/) - cycle Shift-Dir - straight line, f/p - ice devil
Aim: an ice devil (moderately wounded, 71% to hit)
The bolt of light hits the ice devil!
The ice devil is heavily wounded.
The ice devil is blinded.
The ice devil barely misses you.
You are too injured to fight recklessly!
You hit the ice devil but do no damage.
The ice devil is heavily wounded.
The ice devil hits you but does no damage.
You closely miss the ice devil.
The ice devil is heavily wounded.
The ice devil hits you. The ice devil freezes you!
The ice devil hits you but does no damage.
You barely miss the ice devil.
The ice devil is heavily wounded.
The ice devil completely misses you.
You closely miss the ice devil.
The ice devil is heavily wounded.
You barely miss the ice devil.
The ice devil is heavily wounded.
The ice devil hits you!
Your body deteriorates!
You feel dopey. The ice devil freezes you!!
* * * LOW HITPOINT WARNING * * *
Your body deteriorates!
You feel weakened.
Unknown command.
Aiming: Charm
Press: ? - help, Q - select action, (/) - cycle Shift-Dir - straight line, f/p - ice devil
Aim: an ice devil (heavily wounded, blind, unable to see you, chance to affect: 7%)
Okay, then.
The ice devil hits you.
* * * LOW HITPOINT WARNING * * *
The ice devil freezes you!
You die...

#### ...#
.#.#####################
.......................#
................@4.....#
......######'##'####'###+##
...#### #..#.>#........#
#.....# #..#..#...)....#
#.....# #..#..#.....####
......# #..#..#......
#..#### +.....#..4.... #..#
#.....#........ #..# ####.
#.........


You could see an ice devil (blind, unable to see you).

Vanquished Creatures
  A two-headed ogre (D:9)
  Pikel (D:5)
  Joseph (D:8)
  A red devil (D:9)
  Grinder (D:5)
  Sigmund (D:2)
  A ynoxinul (D:9)
  3 steam dragons
  A neqoxec (D:9)
  Edmund (D:6)
  A sky beast (D:7)
  A black bear (D:6)
  An ogre (D:5)
  4 lemures (D:5)
  A phantom (D:4)
  A bullfrog (D:7)
  A kobold brigand (D:8)
  2 gnoll sergeants
  A scorpion (D:4)
  A wight (D:8)
  4 killer bees (D:8)
  A bombardier beetle (D:5)
  2 orc priests
  A gnoll bouda (D:6)
  2 hounds (D:6)
  2 sleepcaps
  4 iguanas
  3 orc wizards
  8 adders
  10 gnolls
  3 white imps
  2 ufetubi (D:7)
  6 dart slugs
  2 ribbon worms (D:2)
  26 orcs
  8 ball pythons
  4 endoplasms
  4 giant cockroaches (D:1)
  8 goblins
  6 hobgoblins
  8 jackals
  8 kobolds
  2 quokkas
  6 bats
  2 frilled lizards (D:2)
  8 rats
  A butterfly (D:5)
167 creatures vanquished.

Vanquished Creatures (others)
  An ice beast (D:6)
  3 wights (D:8)
4 creatures vanquished.

Grand Total: 171 creatures vanquished

Notes
Turn   | Place    | Note
-------+----------+-------------------------------------------
     0 | D:1      | Boomstacker the Naga Alchemist began the quest for the Orb.
     0 | D:1      | Reached XP level 1. HP: 15/15 MP: 3/3
    81 | D:1      | Reached XP level 2. HP: 22/22 MP: 5/5
   225 | D:1      | Reached XP level 3. HP: 6/28 MP: 0/6
   807 | D:1      | Reached XP level 4. HP: 36/36 MP: 8/8
  1043 | D:1      | Learned a level 4 spell: Olgreb's Toxic Radiance
  1346 | D:2      | Noticed Sigmund
  1355 | D:2      | Killed Sigmund
  1356 | D:2      | Reached XP level 5. HP: 8/42 MP: 3/10
  1356 | D:2      | Reached XP level 6. HP: 9/49 MP: 3/11
  2787 | D:3      | Reached skill level 4 in Stealth
  2922 | D:3      | Found a hide-covered altar of Uskayaw.
  2922 | D:3      | Found a sparkling altar of Nemelex Xobeh.
  3353 | D:4      | Reached XP level 7. HP: 53/56 MP: 0/13
  3535 | D:4      | Reached skill level 1 in Fighting
  3709 | D:4      | Reached skill level 1 in Armour
  4311 | D:5      | Entered Level 5 of the Dungeon
  4321 | D:5      | Reached skill level 5 in Stealth
  4613 | D:5      | Found a staircase to the Ecumenical Temple.
  4644 | D:5      | Noticed Pikel
  4659 | D:5      | Killed Pikel
  4660 | D:5      | Reached skill level 6 in Stealth
  4660 | D:5      | Reached XP level 8. HP: 16/68 MP: 0/15
  4927 | D:5      | Found an iron altar of Okawaru.
  4929 | D:5      | Noticed Grinder
  4939 | D:5      | Reached skill level 5 in Spellcasting
  4972 | D:5      | Killed Grinder
  5291 | D:5      | Found a burning altar of Makhleb.
  5321 | Temple   | Entered the Ecumenical Temple
  5588 | D:6      | Reached skill level 7 in Stealth
  5877 | D:6      | Reached XP level 9. HP: 78/78 MP: 11/17
  5985 | D:6      | Found an ancient bone altar of Kikubaaqudgha.
  6087 | D:6      | Found a blossoming altar of Fedhas.
  6088 | D:6      | Noticed Edmund
  6114 | D:6      | Killed Edmund
  6804 | D:7      | Found a sacrificial altar of Ru.
  7024 | D:7      | Reached skill level 8 in Stealth
  7459 | D:7      | Found Woare's Fire Supplies.
  7816 | D:7      | Learned a level 5 spell: Freezing Cloud
  8030 | D:8      | Found a runed translucent gate.
  8030 | D:8      | Noticed a purple ugly thing
  8031 | D:8      | Found a runed translucent gate.
  8032 | D:8      | Noticed a red ugly thing
  8033 | D:8      | Found a runed translucent gate.
  8033 | D:8      | Noticed a brown ugly thing
  8033 | D:8      | Noticed a white ugly thing
  8033 | D:8      | Noticed a white ugly thing
  8035 | D:8      | Noticed a white ugly thing
  8084 | D:8      | Found a radiant altar of Vehumet.
  8197 | D:8      | Became a worshipper of Vehumet
  8204 | D:8      | Reached skill level 1 in Ice Magic
  8204 | D:8      | Reached skill level 1 in Air Magic
  8678 | D:8      | Noticed Joseph
  8689 | D:8      | Killed Joseph
  9233 | D:8      | Reached XP level 10. HP: 72/87 MP: 14/19
  9446 | D:9      | Reached skill level 5 in Fighting
  9446 | D:9      | Reached skill level 9 in Stealth
  9608 | D:9      | Noticed a two-headed ogre
  9616 | D:9      | Killed a two-headed ogre
  9625 | D:9      | Gained mutation: You are dopey. (Int -2) [a neqoxec]
  9628 | D:9      | Gained mutation: Your body sometimes deteriorates upon
                  | taking damage. [a neqoxec]
  9816 | D:9      | Slain by an ice devil

Illustrated notes

Levels and vault maps discovered:
D:1:      lemuel_arrival_river_ford, layout_loops_ring
D:2:      kennysheep_six_static_rooms, layout_loops_ring, nicolae_titane,
          uniq_sigmund
D:3:      layout_basic, gammafunk_temple_overflow_wave, corner_web_ring
D:4:      layout_loops_cross, serial_glass, glass_columns_a, glass_columns_b,
          glass_columns_b, glass_columns_a, glass_columns_c, glass_columns_a
D:5:      layout_rooms, bloody_makhleb,
          mainiacjoe_overflow_concentric_impassable,
          minmay_temple_entry_butterflies, gup_sewer_entry_glass, uniq_pikel,
          uniq_grinder
D:6:      layout_rooms, fedhas_altar_2, grunt_ministairs_4, kennysheep_diamond,
          uniq_edmund
D:7:      layout_loops_cross, overflow_temple_1_default, nicolae_shop_fire_sale
          [nicolae_sub_dead_trees], minmay_misc_feat_x
D:8:      layout_rooms, mainiacjoe_overflow_cross_hatched,
          ploomutoo_gammafunk_ghost_potion_laboratory, serial_co_window_serial,
          co_window_paths_a, co_window_paths_a, co_window_paths_a,
          co_window_corner_a, co_window_paths_a, co_window_broadway_b,
          co_window_of_opportunity_c, co_window_corner_b, co_window_paths_c,
          co_window_corner_ca, co_window_paths_c, co_window_broadway_c,
          glass_columns_a, glass_columns_b, nicolae_nh_ransacked_shop,
          uniq_joseph
D:9:      layout_grid_maze, nicolae_overflow_crystal_walls, erik_lair_dragon,
          serial_demonic, serial_demonic_a, serial_demonic_a, serial_demonic_f,
          serial_demonic_f, serial_demonic_b, serial_demonic_d, uniq_erolcha,
          uniq_harold
Temple:   jpeg_temple_clearing

Skill      XL: |  1  2  3  4  5  6  7  8  9 10 |
---------------+-------------------------------+-----
Alchemy        | 4 6 7 |  7.0
Spellcasting   | 3 4 5 6 |  6.4
Stealth        | 4 6 7 8 9 |  9.3
Dodging        | 2 3 4 |  4.0
Fighting       | 2 3 4 5 |  5.2
Armour         | 2 4 |  4.0
Ice Magic      | 2 3 |  3.6
Air Magic      | 2 3 |  3.6
Conjurations   | 3 |  3.9

Action                     |  1- 3 |  4- 6 |  7- 9 | 10-12 || total
---------------------------+-------+-------+-------+-------++-------
  Melee: Unarmed           |     2 |       |       |       ||     2
         Dagger            |       |     3 |    22 |       ||    25
         Flail             |       |       |     6 |    12 ||    18
   Cast: Sting             |    27 |    67 |   139 |    20 ||   253
         Olgreb's Toxic Ra |       |     5 |    49 |    13 ||    67
Ability: Spit Poison       |    12 |    26 |    37 |     4 ||    79
  Evoke: Wand              |       |       |    39 |     7 ||    46
   Stab: Sleeping          |       |       |     1 |       ||     1
         Invisible         |       |       |       |     1 ||     1
 Armour: Robe              |     4 |    24 |   107 |       ||   135
         Steam dragon scal |       |       |    23 |    27 ||    50
  Dodge: Dodged            |     6 |     8 |    82 |    14 ||   110

Table legend: (Time is in decaauts)
 A = Elapsed time spent in this place.
 B = Non-inter-level travel time spent in this place.
 C = Inter-level travel time spent in this place.
 D = Time resting spent in this place.
 E = Time spent auto-exploring this place.
 F = Levels seen in this place.
 G = Mean time per level.
                   A        B        C        D        E       F      G
               +--------+--------+--------+--------+--------+-----+--------+
         Total |  11882 |  11300 |    582 |   1373 |   8715 |  10 | 1188.2 |
       Dungeon |  11798 |  11299 |    499 |   1373 |   8715 |   9 | 1310.9 |
        Temple |     84 |      1 |     83 |      0 |      0 |   1 |   84.0 |
               +--------+--------+--------+--------+--------+-----+--------+

Top non-repeatable levels by time:
     D:8: 1974 daAuts
     D:2: 1640 daAuts
     D:7: 1398 daAuts
     D:4: 1351 daAuts
     D:5: 1349 daAuts
     D:1: 1300 daAuts
     D:6: 1225 daAuts
     D:3: 1119 daAuts
     D:9: 437 daAuts
  Temple: 84 daAuts
